 Dungeon Crawl Stone Soup version 0.26.0-45-g9c1d065592 (webtiles) character file.

Game seed: 1859193120018788638

10 lawman0 the Sneak (level 2, 0/16 HPs)
             Began as a Spriggan Delver on Jan 30, 2021.
             Was an Initiate of Nemelex Xobeh.
             Slain by a river rat (8 damage)
             ... in a sewer.
             The game lasted 00:02:21 (640 turns).

lawman0 the Sneak (Spriggan Delver)                  Turns: 640, Time: 00:02:21

Health: 0/16       AC:  2    Str:  8    XL:     2   Next: 10%
Magic:  3/3        EV: 22    Int: 17    God:    Nemelex Xobeh [......]
Gold:   35         SH:  0    Dex: 17    Spells: 1/1 levels left

rFire    . . .     SeeInvis +   a - +0 short sword
rCold    . . .     Faith    .   (shield restricted)
rNeg     . . .     Spirit   .   b - +0 robe
rPois    .         Reflect  .   (helmet restricted)
rElec    .         Harm     .   (no cloak)
rCorr    .         Rampage  .   (gloves unavailable)
Will     .....                  (boots unavailable)
Stlth    ++++......             (no amulet)
HPRegen  0.05/turn              i - +4 ring of evasion
MPRegen  0.08/turn              k - +6 ring of intelligence

@: very quick
A: very small, unfitting armour, see invisible, speed 3
a: Renounce Religion, Draw Escape, Draw Destruction, Draw Summoning


You were in a sewer.
You worshipped Nemelex Xobeh.
Nemelex Xobeh was noncommittal.
You visited 2 branches of the dungeon, and saw 4 of its levels.
You also visited: Sewer.

You collected 35 gold pieces.

Inventory:

Hand Weapons
 a - a +0 short sword (weapon)
Armour
 b - a +0 robe (worn)
Jewellery
 i - a +4 ring of evasion (left hand)
 k - a +6 ring of intelligence (right hand)
Wands
 g - a wand of digging (2)
Scrolls
 c - a scroll of fog
 d - 3 scrolls of remove curse {unknown}
 e - a scroll of fear
Potions
 f - a potion of haste
 h - a potion of curing {unknown}
 j - a potion of degeneration {unknown}


   Skills:
 + Level 2.5 Fighting
 * Level 2.4 Short Blades
 + Level 3.0 Dodging
 + Level 7.7 Stealth


You had one spell level left.
You didn't know any spells.
Your spell library contained the following spells:

 Spells                   Type           Power        Failure   Level
 Beastly Appendage        Tmut           0%           24%         1
 Wereblood                Tmut           0%           34%         2
 Spider Form              Tmut/Pois      0%           56%         3
 Ice Form                 Ice/Tmut       0%           93%         4
 Blade Hands              Tmut           0%           100%        5


Dungeon Overview and Level Annotations

Branches:
Dungeon (5/15)             Temple (1/1) D:5           Sewer (1/1)

Altars:
Cheibriados
Dithmenos
Fedhas
Gozag
Makhleb
Nemelex Xobeh
Qazlal
Ru
Sif Muna
Wu Jian
The Shining One

Shops:
D:4 :


Innate Abilities, Weirdness & Mutations

You are very small and have problems with some larger weapons.
You are too small for most types of armour.
You have supernaturally acute eyesight. (SInv)
You cover ground extremely quickly.


Message History

k - a +6 ring of intelligence (right hand)
A worm comes into view.
There is a glowing drain here.
The helpless worm fails to defend itself.
You impale the worm!!
You kill the worm!
You have reached level 2!
The world spins around you as you enter the gateway.
You enter a sewer! 3 rats and a river rat come into view.
Found a gate leading back out of this place.
There is an empty arch of ancient stone here.
Unknown command.
There is a gate leading back out of this place here.
You closely miss the river rat. The river rat bites you!
Ouch! That really hurt!
You hit the river rat but do no damage. The river rat bites you!
Ouch! That really hurt!
You die...
Your body disappears without a glow.

#.#
#r#
#.#
#r#
#.#
#∩#
#.#
#∩#
#@#
#r#
#.#
#r#
###


You could see a river rat and 3 rats.

Vanquished Creatures
  A worm (D:3)
  An orc (D:4)
  A giant cockroach (D:4)
  A hobgoblin (D:3)
  A kobold (D:3)
  A leopard gecko skeleton (D:4)
  A rat (D:3)
7 creatures vanquished.

Notes
Turn   | Place    | Note
-------+----------+-------------------------------------------
     0 | D:5      | lawman0 the Spriggan Delver began the quest for the Orb.
     0 | D:5      | Reached XP level 1. HP: 11/11 MP: 2/2
    46 | D:5      | Found a staircase to the Ecumenical Temple.
    50 | D:5      | Noticed a water moccasin
    55 | Temple   | Entered the Ecumenical Temple
    66 | Temple   | Became a worshipper of Nemelex Xobeh the Trickster
   134 | D:4      | Found Pisisonaokk's Book Shop.
   273 | D:4      | sick
   623 | D:3      | Found a glowing drain.
   634 | D:3      | Reached XP level 2. HP: 16/16 MP: 3/3
   635 | Sewer    | Entered a sewer
   640 | Sewer    | Slain by a river rat

Illustrated notes

#####...#
#....###....##########
.........>..'.........
#...........##.######.
.................# #.
......#######.#.# #.
###........##.#.###.
#.#.###........##.[...#.
......'@........##.##.#.
#.#(###.........##.##.#.
#..........#.##.#.
#......[.#.#.##.#.
##########.>.##∩#.
##..##.#. #..##.#.
##..#.#. #######..#.#.


Turn 273 on D:4: sick

Levels and vault maps discovered:
D:3:      layout_basic, cheibrodos_sewer_entry_sluice
D:4:      layout_basic, old_standard_altar, serial_shops, shop,
          nicolae_shop_crystal, kennysheep_mini, shop_fountains
D:5:      layout_cave_pods, minmay_temple_entry_statues_fountains,
          minmay_manual_monolith
Temple:   grunt_wide_crystal_templ
Sewer:    sewer_kobolds

Action                   || total
-------------------------++-------
Melee: Short sword       ||    17
Evoke: Wand              ||     1
  Use: Scroll            ||     1
 Stab: Sleeping          ||     5
Dodge: Dodged            ||     6
